 Dungeon Crawl Stone Soup version 0.21-a0-286-g6fcecc0 (webtiles) character file.

7 riebbel the Grasshopper (level 2, 16/24 HPs)
             Began as a Gnoll Warper on Sept 28, 2017.
             Quit the game on level 1 of the Dungeon.
             The game lasted 00:00:52 (59 turns).

riebbel the Grasshopper (Gnoll Warper)                Turns: 59, Time: 00:00:53

Health: 16/24      AC:  3    Str:  7    XL:     2   Next: 0%
Magic:  6/6        EV: 11    Int:  7    God:
Gold:   0          SH:  0    Dex:  7    Spells: 7/7 levels left

rFire    . . .     SeeInvis .   a - +0 mace
rCold    . . .     Gourm    .   (no shield)
rNeg     . . .     Faith    .   b - +0 leather armour
rPois    .         Spirit   .   (no helmet)
rElec    .         Reflect  .   (no cloak)
rCorr    .         Harm     .   (no gloves)
MR       .....                  (no boots)
Stlth    +.........             (no amulet)
HPRegen  0.08/turn              (no ring)
MPRegen  0.10/turn              (no ring)

@: no status effects
A: unchanging attributes, fangs 1, strong nose
a: no special abilities


You were on level 1 of the Dungeon.
You were not hungry.

You visited 1 branch of the dungeon, and saw 1 of its levels.

Inventory:

Hand Weapons
 a - a +0 mace (weapon)
Missiles
 e - 5 tomahawks of dispersal (quivered)
Armour
 b - a +0 leather armour (worn)
Scrolls
 d - a scroll of blinking
Books
 c - a book of Spatial Translocations

   Spells                             Type                      Level
   a - Blink                          Translocation                2
   b - Shroud of Golubria             Charms/Translocation         2
   c - Lesser Beckoning               Translocation                3
   d - Gell's Gravitas                Translocation                3
   e - Teleport Other                 Translocation                3
   f - Passage of Golubria            Translocation                4
Comestibles
 f - a bread ration
 g - 2 chunks of flesh
 h - a meat ration


   Skills:
 + Level 3.0 Fighting
 + Level 2.9 Maces & Flails
 + Level 1.5 Throwing
 + Level 1.5 Armour
 + Level 2.9 Dodging
 + Level 3.0 Spellcasting
   Level 4.0 Translocations


You had 7 spell levels left.
You didn't know any spells.

Dungeon Overview and Level Annotations

Branches:
Dungeon (1/15)

Altars:


Innate Abilities, Weirdness & Mutations

Your physical attributes are unchanging.
You have very sharp teeth.
Your uncanny sense of smell can sniff out nearby items.


Message History

The hobgoblin is moderately wounded.
The hobgoblin hits you with a club.
You barely miss the hobgoblin.
The hobgoblin is moderately wounded.
The hobgoblin hits you but does no damage.
You hit the hobgoblin.
You kill the hobgoblin!
You have reached level 2!
Found 15 stones.
A goblin comes into view. It is wielding a club.
Things that are here:
a club; a hobgoblin corpse You butcher the hobgoblin corpse.
Things that are here:
a club; 2 chunks of flesh There isn't anything to butcher here.
There isn't anything to butcher here.
Unknown command.
Unknown command.
Are you sure you want to abandon this character and quit the game? (Confirm with "yes".)

..#.# ... ..
#.#.###...# #.#
..........######.#
........... ..#.## #
.......#.# #....## (.
.........# #.....##.##
.........# #..........
.........# #.†....#
.........#####..@.#....
#######........#....# #
#.##..#.........#
#.##.#####....g.#
#.##.# ###.##.# #.##.#
.# # #.##.# ## ..##.#
####..


You could see a goblin.

Vanquished Creatures
  A dart slug (D:1)
  A goblin (D:1)
  2 hobgoblins (D:1)
4 creatures vanquished.

Notes
Turn   | Place    | Note
-------+----------+-------------------------------------------
     0 | D:1      | riebbel the Gnoll Warper began the quest for the Orb.
     0 | D:1      | Reached XP level 1. HP: 17/17 MP: 4/4
    56 | D:1      | Reached XP level 2. HP: 16/24 MP: 6/6
    59 | D:1      | Quit the game

Vault maps used:
D:1:      dpeg_arrival_lava_altar, minmay_octomino_c4

Skill      XL: |  1 |
---------------+----+-----
Fighting       | 3 |  3.0
Maces & Flails | |  2.9
Throwing       | |  1.5
Armour         | |  1.5
Dodging        | |  2.9
Spellcasting   | |  3.0
Translocations | |  4.0

Action                   || total
-------------------------++-------
Melee: Mace              ||    18
Armor: Leather armour    ||     5
Dodge: Dodged            ||     8

Table legend:
 A = Spawn XP
 B = Non-spawn XP
 C = Spawn XP percentage of total XP
 D = Spawn monster count
 E = Non-spawn monster count
 F = Spawn count percentage of total count
 G = Total turns spent on level
                    A         B        C        D         E        F      G
               +---------+---------+-------+---------+---------+-------+---------
         Total |       0 |      10 |   0.0 |       0 |       4 |   0.0 |    59
               +---------+---------+-------+---------+---------+-------+---------
           D:1 |       0 |      10 |   0.0 |       0 |       4 |   0.0 |    59
               +---------+---------+-------+---------+---------+-------+---------
